 Dungeon Crawl Stone Soup version 0.29.1-4-g47bece8355 (webtiles) character file.

Game seed: 7942443586339594046

7067 fishmans the Severer (level 10, 0/136 HPs)
             Began as a Minotaur Berserker on Dec 1, 2022.
             Was a High Priest of Trog.
             Slain by a 15-headed hydra (8 damage)
             ... on level 10 of the Dungeon.
             The game lasted 01:57:20 (14781 turns).

fishmans the Severer (Minotaur Berserker)          Turns: 14781, Time: 01:57:21

Health: 0/136      AC: 15    Str: 26    XL:     10   Next: 83%
Magic:  9/9        EV:  6    Int: 10    God:    Trog [*****.]
Gold:   514        SH:  6    Dex: 10    Spells: 9/9 levels left

rFire   . . .      SeeInvis .   l - +2 war axe (elec)
rCold   . . .      Faith    .   g - +0 kite shield
rNeg    . . .      Spirit   .   F - +1 plate armour
rPois   .          Reflect  .   (helmet restricted)
rElec   .          Harm     .   (no cloak)
rCorr   .          Rampage  .   (no gloves)
Will    .....                   O - +0 pair of boots
Stlth   ..........              (no amulet)
HPRegen 0.32/turn               H - +6 ring of intelligence
MPRegen 0.11/turn               (no ring)

@: berserking, very quick
A: horns 2, retaliatory headbutt
a: Renounce Religion, Berserk, Trog's Hand, Brothers in Arms


You were on level 10 of the Dungeon.
You worshipped Trog.
Trog was extremely pleased with you.
You visited 2 branches of the dungeon, and saw 13 of its levels.

You collected 660 gold pieces.
You spent 146 gold pieces at shops.

Inventory:

Hand Weapons
 a - a +0 hand axe
 b - a +0 trident
 l - a +2 war axe of electrocution (weapon)
 p - a +2 vorpal hand axe
 r - a +0 halberd
 J - a +0 falchion
 M - a +0 war axe
Missiles
 d - 70 stones
 h - 13 poisoned darts
 y - 11 boomerangs
 D - 6 atropa-tipped darts
 L - a throwing net
 Q - 8 curare-tipped darts
Armour
 g - a +0 kite shield (worn)
 n - a +0 ring mail
 t - a +0 chain mail
 x - a +0 scale mail
 F - a +1 plate armour (worn)
 O - a +0 pair of boots (worn)
Jewellery
 H - a +6 ring of intelligence (left hand)
Wands
 w - a wand of flame (39) (quivered)
 E - a wand of paralysis (18)
 R - a wand of roots (12)
 U - a wand of mindburst (4)
Scrolls
 c - 4 scrolls of vulnerability
 j - 3 scrolls of teleportation
 k - a scroll of poison
 u - 4 scrolls of noise
 B - a scroll of magic mapping
 C - a scroll of blinking
 G - a scroll of brand weapon
 K - a scroll of immolation
 N - a scroll of fear
Potions
 e - 3 potions of flight
 f - 3 potions of magic
 i - a potion of degeneration {unknown}
 m - 4 potions of heal wounds
 o - 2 potions of mutation
 q - 2 potions of lignification
 s - a potion of invisibility
 v - 2 potions of haste
 z - 5 potions of brilliance
 A - 2 potions of resistance
 I - 2 potions of attraction
 P - 4 potions of curing
 S - 2 potions of might
Miscellaneous
 T - a phial of floods


   Skills:
 + Level 9.2 Fighting
 + Level 16.0 Axes
 - Level 7.0 Armour
 - Level 2.2 Dodging
 + Level 3.8 Evocations


You had 9 spell levels left.
You didn't know any spells.
Your spell library contained the following spells:

 Spells                   Type           Power      Damage    Failure   Level
 Sublimation of Blood     Necr           0%         N/A       100%        2
 Wereblood                Tmut           0%         N/A       100%        2
 Frozen Ramparts          Ice            0%         1d1       100%        3
 Ozocubu's Armour         Ice            0%         N/A       100%        3
 Airstrike                Air            0%         2d(0-16)  100%        4
 Ice Form                 Ice/Tmut       0%         N/A       100%        4
 Summon Ice Beast         Ice/Summ       0%         N/A       100%        4
 Summon Lightning Spire   Summ/Air       0%         N/A       100%        4
 Lightning Bolt           Conj/Air       0%         1d11      100%        5
 Metabolic Englaciation   Hex/Ice        0%         N/A       100%        5
 Simulacrum               Ice/Necr       0%         N/A       100%        6
 Summon Hydra             Summ           0%         N/A       100%        7


Dungeon Overview and Level Annotations

Branches:
Dungeon (12/15)            Temple (1/1) D:4            Lair (0/5) D:10
    Orc (0/2) D:10

Altars:
Ashenzari
Cheibriados
Dithmenos
Elyvilon
Fedhas
Gozag
Kikubaaqudgha
Makhleb
Nemelex Xobeh
Okawaru
Qazlal
Sif Muna
Trog
Uskayaw
Vehumet
Wu Jian
Xom
Yredelemnul
Zin

Shops:
D:5 *   D:6 *   D:10 =   D:12 *

Annotations:
D:10 funnyparkerb's ghost, novice FeSu


Innate Abilities, Weirdness & Mutations

You have a pair of horns on your head.
You reflexively headbutt those who attack you in melee.


Message History

The 14-headed hydra is severely wounded.
You barely miss funnyparkerb's ghost. You slash the lightning spire!
The 14-headed hydra closely misses you.
The 14-headed hydra bites you but does no damage. x2
The 14-headed hydra bites you. The 14-headed hydra barely misses you.
The 14-headed hydra bites you. x2
* * * LOW HITPOINT WARNING * * *
The 14-headed hydra bites you but does no damage.
The 14-headed hydra barely misses you. The 14-headed hydra bites you.
* * * LOW HITPOINT WARNING * * *
The 14-headed hydra barely misses you. The 14-headed hydra closely misses you.
The 14-headed hydra bites you but does no damage.
The 14-headed hydra barely misses you.
You are too berserk!
You lop one of the 14-headed hydra's heads off!
The 13-headed hydra grows two more!
You slash the 15-headed hydra!
Your headbutt misses the 15-headed hydra.
The 15-headed hydra is severely wounded.
You hit the lightning spire but do no damage.
You completely miss funnyparkerb's ghost.
The lightning spire shoots out a bolt of lightning at you!
The bolt of electricity hits you!
* * * LOW HITPOINT WARNING * * *
The bolt of electricity hits you!
* * * LOW HITPOINT WARNING * * *
The bolt of electricity hits the lightning spire.
The lightning spire completely resists.
Funnyparkerb's ghost mumbles some strange words.
The 15-headed hydra barely misses you. You furiously retaliate!
You headbutt the 15-headed hydra!
The 15-headed hydra bites you but does no damage.
You block the 15-headed hydra's attack. The 15-headed hydra bites you.
* * * LOW HITPOINT WARNING * * *
The 15-headed hydra bites you!
* * * LOW HITPOINT WARNING * * *
The 15-headed hydra bites you but does no damage.
You block the 15-headed hydra's attack. The 15-headed hydra barely misses you.
The 15-headed hydra bites you but does no damage.
The 15-headed hydra bites you!
You die...

# ######## ##
####.##~P.# #.
##...r#b[..♣# #.
##...r.'.....~ #.
#....8.W..)..~ #.
#.....@D.....♣ #######.
#......#..?..##........
#......##~~P##.#######.
#>......#####<.##### #.
###.................###.
#...................)##.
#...................))..
#.........##############
#.........# ### ##


You could see a 15-headed hydra, a lightning spire (summoned), funnyparkerb's
ghost, a quokka (summoned), a bat (summoned) and a rat (summoned).

Vanquished Creatures
  Pikel (D:8)
  Maurice (D:8)
  A troll (D:9)
  Prince Ribbit (D:8)
  A hornet (D:9)
  Sigmund (D:4)
  2 wyverns
  9 yaks
  4 orc warriors
  An ice beast (D:7)
  3 black bears
  2 centaurs
  2 ogres
  2 phantoms (D:10)
  2 kobold brigands
  Blork the orc (D:6)
  2 bullfrogs
  A gnoll sergeant (D:9)
  A necrophage (D:7)
  5 scorpions
  6 wights (D:6)
  A troll zombie (D:10)
  A jelly (D:7)
  6 killer bees (D:8)
  A hound (D:5)
  6 orc priests
  3 gnoll boudas (D:7)
  13 orc wizards
  5 iguanas
  5 ogre zombies (D:10)
  20 gnolls
  5 adders
  A shadow imp (D:6)
  4 white imps
  2 worms (D:2)
  4 dart slugs
  48 orcs
  10 ball pythons
  11 endoplasms
  8 giant cockroaches
  4 goblins
  11 hobgoblins
  19 kobolds
  4 quokkas
  9 bats
  4 frilled lizards
  A goblin skeleton (D:10)
  A hobgoblin skeleton (D:10)
  3 hobgoblin zombies (D:10)
  An orc skeleton (D:10)
  8 orc zombies (D:10)
  8 rats
276 creatures vanquished.

Vanquished Creatures (others)
  An orc wizard (D:11)
  A fungus (D:1)
  A plant (D:1)
3 creatures vanquished.

Grand Total: 279 creatures vanquished

Notes
Turn   | Place    | Note
-------+----------+-------------------------------------------
     0 | D:1      | fishmans the Minotaur Berserker began the quest for the
                  | Orb.
     0 | D:1      | Reached XP level 1. HP: 19/19 MP: 0/0
   124 | D:1      | Reached skill level 4 in Axes
   370 | D:1      | Reached XP level 2. HP: 26/26 MP: 1/1
  1263 | D:1      | Reached skill level 5 in Axes
  1263 | D:1      | Reached XP level 3. HP: 31/31 MP: 2/2
  1763 | D:1      | Found a faded altar of an unknown god.
  2063 | D:2      | Reached ** piety under Trog
  2602 | D:2      | Reached XP level 4. HP: 39/39 MP: 3/3
  2651 | D:2      | Reached skill level 6 in Axes
  3363 | D:3      | Noticed an ogre
  3401 | D:3      | Killed an ogre
  3402 | D:3      | Reached skill level 7 in Axes
  3402 | D:3      | Reached XP level 5. HP: 45/45 MP: 4/4
  4722 | D:4      | Found a staircase to the Ecumenical Temple.
  4752 | Temple   | Entered the Ecumenical Temple
  4949 | D:4      | Noticed an ogre
  4959 | D:4      | Killed an ogre
  4960 | D:4      | Reached skill level 8 in Axes
  4960 | D:4      | Reached XP level 6. HP: 51/51 MP: 5/5
  4962 | D:4      | Found a hide-covered altar of Uskayaw.
  5035 | D:4      | Noticed Sigmund
  5068 | D:4      | Killed Sigmund
  5069 | D:4      | Reached skill level 9 in Axes
  5393 | D:4      | Found a stormy altar of Qazlal.
  5486 | D:4      | Reached XP level 7. HP: 46/57 MP: 6/6
  5941 | D:5      | Entered Level 5 of the Dungeon
  5985 | D:5      | Reached skill level 10 in Axes
  6125 | D:5      | Found a sparkling altar of Nemelex Xobeh.
  6730 | D:5      | Reached *** piety under Trog
  6811 | D:5      | Reached skill level 11 in Axes
  6958 | D:5      | Found Keko's General Store.
  7113 | D:5      | Reached XP level 8. HP: 60/64 MP: 7/7
  7332 | D:5      | Reached skill level 12 in Axes
  7451 | D:5      | Bought a potion of heal wounds for 55 gold pieces
  7568 | D:6      | Found Olola's General Store.
  7921 | D:6      | Reached skill level 13 in Axes
  8065 | D:6      | Found a broken altar of Ashenzari.
  8789 | D:6      | Noticed Blork the orc
  8800 | D:6      | Killed Blork the orc
  8899 | D:6      | Bought a scroll of teleportation for 39 gold pieces
  8899 | D:6      | Bought a scroll of immolation for 52 gold pieces
  8924 | D:7      | Reached skill level 14 in Axes
  9299 | D:7      | Reached XP level 9. HP: 69/71 MP: 8/8
  9970 | D:7      | Found an ornate altar of the Wu Jian Council.
 10427 | D:7      | Reached skill level 5 in Fighting
 10717 | D:7      | Reached **** piety under Trog
 10810 | D:8      | Reached skill level 5 in Armour
 10873 | D:8      | Found a white marble altar of Elyvilon.
 10877 | D:8      | Found a shimmering blue altar of Sif Muna.
 10877 | D:8      | Found a radiant altar of Vehumet.
 10898 | D:8      | Identified the +6 dagger of the Desert {vorpal, rElec Str+3
                  | SInv}
 10908 | D:8      | Found an iron altar of Okawaru.
 10929 | D:8      | Noticed Prince Ribbit
 10953 | D:8      | Killed Prince Ribbit
 11244 | D:8      | Noticed Maurice
 11267 | D:8      | Reached skill level 15 in Axes
 11304 | D:8      | Killed Maurice
 11305 | D:8      | Reached XP level 10. HP: 48/86 MP: 9/9
 11831 | D:8      | Noticed Pikel
 11840 | D:8      | Killed Pikel
 12429 | D:9      | Reached skill level 1 in Evocations
 12518 | D:9      | Found an opulent altar of Gozag.
 13325 | D:9      | Paralysed by a hornet for 1 turns
 13962 | D:10     | Entered Level 10 of the Dungeon
 14028 | D:10     | You fall into a shaft and drop 2 floors!
 14165 | D:12     | Found Migoyrph's General Store.
 14310 | D:10     | Found a staircase to the Lair.
 14311 | D:10     | Found Fipuodot's Jewellery Shop.
 14441 | D:10     | Reached skill level 16 in Axes
 14539 | D:10     | Reached ***** piety under Trog
 14592 | D:10     | Found a staircase to the Orcish Mines.
 14701 | D:10     | Found a runed translucent gate.
 14701 | D:10     | Found a runed translucent gate.
 14761 | D:10     | Noticed a ten-headed hydra
 14761 | D:10     | Noticed funnyparkerb's ghost (novice FeSu)
 14762 | D:10     | Found a runed translucent gate.
 14781 | D:10     | Slain by a 15-headed hydra

Illustrated notes

Levels and vault maps discovered:
D:1:      dpeg_arrival_lava_temple_mockup, layout_basic,
          shapermc_ecumenical_altar_hornbeckon, skrybe_limestone_x
D:2:      layout_rooms
D:3:      minmay_chambers_of_twos, layout_basic
D:4:      layout_cave_pods, nicolae_uskayaw_murder_on_the_dancefloor,
          nicolae_qazlal_general_emergency, minmay_temple_entry_hall,
          uniq_sigmund
D:5:      layout_basic, lemuel_crystal_altar, serial_shops, shop, minivault_11
D:6:      layout_loops_cross, nicolae_overflow_crystal_walls, serial_shops,
          nicolae_shop_trees, uniq_blork_the_orc
D:7:      layout_loops_ring, kennysheep_little_box
D:8:      layout_basic, chequers_temple_overflow_statue_of_worship,
          mainiacjoe_overflow_six_doors_small, uniq_pikel, uniq_prince_ribbit1,
          uniq_maurice
D:9:      layout_roguey, nicolae_gozag_seed_capital, due_unseen_surprise
D:10:     layout_rooms, tso_metal_star, jmf_multi_god_temple2, lair_entry_dummy,
          zombieorc1_lemuel, gammafunk_ghost_hydra_chop, serial_shops,
          nicolae_shop_stone
D:11:     layout_basic
D:12:     layout_loops_ring, ebering_ghost_funeral_grove, serial_shops,
          nicolae_stop_n_shop_2
Temple:   nicolae_temple_cloud_nine

Skill      XL: |  1  2  3  4  5  6  7  8  9 10 |
---------------+-------------------------------+-----
Axes           | 4 5 7 8 9 11 14 15 16 | 16.0
Fighting       | 4 7 9 |  9.2
Armour         | 3 6 7 |  7.0
Evocations     | 3 |  3.8
Dodging        | |  2.2

Action                   |  1- 3 |  4- 6 |  7- 9 | 10-12 || total
-------------------------+-------+-------+-------+-------++-------
Melee: Hand axe          |   100 |    24 |       |       ||   124
       Headbutt          |    12 |    14 |    41 |    29 ||    96
       War axe           |       |    85 |   251 |   211 ||   547
Throw: Stone             |     8 |     5 |       |       ||    13
       Dart              |       |     1 |     8 |     2 ||    11
Invok: Berserk           |     1 |     2 |     6 |     1 ||    10
       Trog's Hand       |       |     1 |     3 |     1 ||     5
Evoke: Wand              |       |       |       |     3 ||     3
  Use: Scroll            |     3 |    12 |     3 |     6 ||    24
       Potion            |       |     1 |     1 |     2 ||     4
Armor: Animal skin       |    17 |       |       |       ||    17
       Ring mail         |     1 |    16 |       |       ||    17
       Chain mail        |       |    24 |    39 |       ||    63
       Plate armour      |       |       |    73 |   106 ||   179
Dodge: Dodged            |    66 |    26 |    62 |    54 ||   208
Block: Kite shield       |    12 |    23 |    64 |    42 ||   141
